 Dungeon Crawl Stone Soup version 0.25-a0-25-gf18fdeb (webtiles) character file.

Game seed: 6890216088803231044, levelgen mode: deterministic

302 Shaqudzell the Conjurer (level 6, 0/32 HPs)
             Began as a Deep Elf Conjurer on Oct 17, 2019.
             Killed by divine providence
             ... invoked by an orc priest
              (7 damage)
             ... on level 3 of the Dungeon.
             The game lasted 00:23:10 (3885 turns).

Shaqudzell the Conjurer (Deep Elf Conjurer)         Turns: 3885, Time: 00:23:11

Health: 0/32       AC:  2    Str:  7    XL:     6   Next: 14%
Magic:  8/14       EV: 13    Int: 20    God:
Gold:   68         SH:  0    Dex: 15    Spells: 4/14 levels left

rFire    . . .     SeeInvis .   b - +0 dagger
rCold    . . .     Gourm    .   (no shield)
rNeg     . . .     Faith    .   a - +0 robe
rPois    .         Spirit   .   (no helmet)
rElec    .         Reflect  .   (no cloak)
rCorr    .         Harm     .   (no gloves)
MR       .....                  (no boots)
Stlth    ++........             (no amulet)
HPRegen  0.10/turn              (no ring)
MPRegen  0.14/turn              (no ring)

@: very slightly contaminated
A: no striking features
a: no special abilities


You were on level 3 of the Dungeon.
You were hungry.

You visited 1 branch of the dungeon, and saw 3 of its levels.

You collected 68 gold pieces.

Inventory:

Hand Weapons
 b - a +0 dagger (weapon)
Missiles
 e - 44 stones (quivered)
Armour
 a - a +0 robe (worn)
 f - a +0 ring mail
Jewellery
 g - a +1 ring of protection {unknown}
Scrolls
 d - 2 scrolls of identify {unknown}
 h - a scroll of fog {unknown}
 j - a scroll of blinking {unknown}
 k - a scroll of teleportation {unknown}
 l - 2 scrolls of remove curse {unknown}
 o - a scroll of noise {unknown}
 r - a scroll of enchant weapon {unknown}
Potions
 i - a potion of degeneration {unknown}
 m - a potion of brilliance {unknown}
 n - a potion of resistance {unknown}
 q - a potion of lignification {unknown}
Comestibles
 c - 4 rations
 p - 3 chunks of flesh


   Skills:
 - Level 0.1 Fighting
 + Level 2.6 Dodging
 - Level 2.4 Stealth
 + Level 4.5 Spellcasting
 * Level 7.5 Conjurations
 + Level 0.0 Translocations


You had 4 spell levels left.
You knew the following spells:

 Your Spells              Type           Power        Failure   Level  Hunger
a - Magic Dart            Conj           ####         1%          1    None
b - Searing Ray           Conj           ####..       1%          2    #......
c - Dazzling Spray        Conj/Hex       ###...       8%          3    ##.....
d - Force Lance           Conj/Tloc      ###.....     26%         4    ####...

Your spell library contained the following spells:

 Spells                   Type           Power        Failure   Level  Hunger
 Iskenderun's Mystic Bla  Conj           ####....     5%          4    ####...
 Fulminant Prism          Conj/Hex       ###.......   26%         4    ####...


Dungeon Overview and Level Annotations

Branches:
Dungeon (3/15)

Altars:
Cheibriados
Makhleb
Ru
Sif Muna
Wu Jian
Xom
Zin

Annotations:
D:2 1 runed translucent door, Crazy Yiuf


Message History

Aiming: Magic Dart (safe; 1% risk of failure)
Press: ? - help, Shift-Dir - straight line, f - orc
Aim: an orc, wielding a +0 mace and wearing a +0 ring mail The magic dart hits the orc.
The orc is lightly wounded.
The orc priest invokes the aid of Beogh against you.
Beogh smites you!
* * * LOW HITPOINT WARNING * * *
Casting: Magic Dart (safe; 1% risk of failure)
Confirm with . or Enter, or press ? or * to list all spells.
Aiming: Magic Dart (safe; 1% risk of failure)
Press: ? - help, Shift-Dir - straight line, f/p - orc
Aim: an orc, wielding a +0 mace and wearing a +0 ring mail (lightly wounded)
You miscast Magic Dart.
You are very lightly contaminated with residual magic.
Your skin glows momentarily.
The orc hits you but does no damage.
The orc priest casts a cantrip, but nothing happens.
The orc priest calls down the wrath of Beogh upon you.
Beogh smites you!
You die...

#####.########.####### #...#
####....................# ##.##
...#.##..........######.######.#
##.#.##..#######...............#
#.#.##..#######..#####.########
#.#)##.......<...# #.#
##<#.##..#######..#####.#
....รท......o.).o........#
##....#..#.#####@########
#.........#####.#
##...#..........#
##.###.#######.# #.............#
#####.........# ###########


You could see an orc priest and an orc.

Vanquished Creatures
  A crimson imp (D:2)
  Jessica (D:2)
  Natasha (thrice) (D:2)
  6 gnolls
  4 adders
  3 oozes
  A worm (D:2)
  A dart slug (D:1)
  An orc (D:3)
  3 giant cockroaches (D:1)
  4 goblins
  8 hobgoblins
  4 jackals (D:2)
  3 quokkas
  5 ball pythons
  6 bats
  2 frilled lizards (D:3)
  4 kobolds
  10 rats
70 creatures vanquished.

Vanquished Creatures (others)
  An adder (D:3)
  A hobgoblin (D:3)
  A bat (D:3)
  A rat (D:3)
4 creatures vanquished.

Grand Total: 74 creatures vanquished

Notes
Turn   | Place    | Note
-------+----------+-------------------------------------------
     0 | D:1      | Shaqudzell the Deep Elf Conjurer began the quest for the
                  | Orb.
     0 | D:1      | Reached XP level 1. HP: 10/10 MP: 6/6
   230 | D:1      | Reached XP level 2. HP: 15/15 MP: 4/8
   234 | D:1      | Learned a level 2 spell: Searing Ray
   324 | D:1      | Reached skill level 5 in Conjurations
   725 | D:1      | Reached XP level 3. HP: 11/19 MP: 2/9
  1332 | D:2      | Learned a level 3 spell: Dazzling Spray
  1356 | D:2      | Noticed Jessica
  1362 | D:2      | Killed Jessica
  1543 | D:2      | Noticed Natasha
  1550 | D:2      | Killed Natasha
  1550 | D:2      | Reached skill level 6 in Conjurations
  1550 | D:2      | Reached XP level 4. HP: 24/24 MP: 4/11
  1719 | D:2      | Noticed Natasha
  1725 | D:2      | Killed Natasha
  1899 | D:2      | Noticed Natasha
  1905 | D:2      | Killed Natasha
  1905 | D:2      | Reached XP level 5. HP: 23/28 MP: 7/12
  1962 | D:2      | Found a snail-covered altar of Cheibriados.
  2352 | D:2      | Found an ornate altar of the Wu Jian Council.
  2352 | D:2      | Found a shimmering altar of Xom.
  2353 | D:2      | Found a sacrificial altar of Ru.
  2801 | D:2      | Found a runed translucent door.
  2802 | D:2      | Noticed Crazy Yiuf
  2853 | D:3      | Found a shimmering blue altar of Sif Muna.
  2853 | D:3      | Found a glowing silver altar of Zin.
  2865 | D:3      | Found a burning altar of Makhleb.
  2868 | D:3      | Found a faded altar of an unknown god.
  2870 | D:3      | Found a faded altar of an unknown god.
  2991 | D:3      | Reached skill level 7 in Conjurations
  3668 | D:3      | Reached XP level 6. HP: 32/32 MP: 11/14
  3690 | D:3      | Learned a level 4 spell: Force Lance
  3885 | D:3      | Killed from afar by an orc priest

Levels and vault maps discovered:
D:1:      kennysheep_arrival_seaside, layout_loops_ring
D:2:      layout_loops_ring, overflow_temple_1_default,
          chequers_temple_overflow_statue_of_worship, uniq_crazy_yiuf_cottage,
          uniq_natasha, uniq_jessica
D:3:      layout_loops_ring, chequers_temple_overflow_minitemple,
          lemuel_old_faithful

Skill      XL: |  1  2  3  4  5 |
---------------+----------------+-----
Conjurations   | 5 6 7 |  7.5
Spellcasting   | 4 |  4.5
Fighting       | |  0.1
Dodging        | |  2.6
Stealth        | |  2.4

Action                   |  1- 3 |  4- 6 || total
-------------------------+-------+-------++-------
Melee: Unarmed           |     1 |       ||     1
       Dagger            |     3 |    12 ||    15
 Cast: Magic Dart        |    59 |    82 ||   141
       Searing Ray       |     1 |     3 ||     4
  Eat: Chunk             |     2 |     3 ||     5
       Ration            |       |     1 ||     1
Armor: Robe              |     2 |     1 ||     3
Dodge: Dodged            |     8 |    19 ||    27

Table legend:
 A = Non-vault XP
 B = Vault XP
 C = Vault XP percentage of total XP
 D = Non-vault monster count
 E = Vault monster count
 F = Vault count percentage of total count
                 A         B        C        D         E       F
            +---------+---------+-------+---------+---------+-------
      Total |     359 |      73 |  16.9 |      68 |       2 |   2.9
            +---------+---------+-------+---------+---------+-------
        D:1 |      44 |       0 |   0.0 |      24 |       0 |   0.0
        D:2 |     207 |      73 |  26.1 |      23 |       2 |   8.0
        D:3 |     108 |       0 |   0.0 |      21 |       0 |   0.0
            +---------+---------+-------+---------+---------+-------
